 Dungeon Crawl Stone Soup version 0.29.0-4-gdea44cf6ec (webtiles) character file.

Game seed: 2066454393672964912

52 qw the Chopper (level 3, -1/29 HPs)
             Began as a Barachi Chaos Knight on Sept 6, 2022.
             Slain by a gnoll
             ... wielding a +0 flail
              (7 damage)
             ... on level 2 of the Dungeon.
             The game lasted 00:00:37 (1976 turns).

qw the Chopper (Barachi Chaos Knight)               Turns: 1976, Time: 00:00:37

Health: -1/29      AC:  7    Str: 15    XL:     3   Next: 85%
Magic:  3/3        EV:  9    Int: 12    God:
Gold:   44         SH:  0    Dex: 11    Spells: 2/2 levels left

rFire   . . .      SeeInvis .   Y - +0 hand axe (chaos)
rCold   . . .      Faith    .   (no shield)
rNeg    . . .      Spirit   .   n - +0 scale mail
rPois   .          Reflect  .   (no helmet)
rElec   .          Harm     .   m - +0 cloak
rCorr   .          Rampage  .   (no gloves)
Will    .....                   (no boots)
Stlth   ..........              (no amulet)
HPRegen 0.09/turn               (no ring)
MPRegen 0.08/turn               (no ring)

@: slow
A: amphibious, slowness 1, strong legs 1, +LOS
a: Hop


You were on level 2 of the Dungeon.
You visited 1 branch of the dungeon, and saw 2 of its levels.

You collected 44 gold pieces.


Innate Abilities, Weirdness & Mutations

You are amphibious.
You cover ground slowly.
You can hop short distances.
You have an extended range of vision and can be seen from far away.


   Skills:
 - Level 3.6 Fighting
 + Level 5.1 Axes
 - Level 2.4 Armour
 - Level 1.1 Dodging


You had 2 spell levels left.
You didn't know any spells.
Your spell library was empty.

Inventory:

Hand Weapons
 f - a +0 club
 Y - a +0 hand axe of chaos (weapon)
Armour
 b - a +0 pair of gloves
 m - a +0 cloak (worn)
 n - a +0 scale mail (worn)
Jewellery
 d - a ring of ice
Scrolls
 a - a scroll of fog {unknown}
Potions
 e - a potion of magic {unknown}
 g - 2 potions of attraction {unknown}
 h - a potion of mutation {unknown}
 i - a potion of brilliance {unknown}
 l - a potion of haste {unknown}
Miscellaneous
 c - a piece from Xom's chessboard (15/15)

Dungeon Overview and Level Annotations

Branches:
Dungeon (2/15)

Altars:


Message History

You hit the quokka.
The quokka is poisoned.
The quokka is heavily wounded.
You kill the quokka!
b - a +0 pair of gloves
There is a shaft here.
Found a dagger.
Found a faded altar of an unknown god.
Found a stone staircase leading down.
Enter note:
g - 2 white potions (gained 1) 2 gnolls come into view.
The gnoll shouts!
A gnoll comes into view. It is wielding a +0 spear.
Found 2 stones.
The gnoll shouts!
You see here 15 gold pieces.
The gnoll closely misses you.
You hit the gnoll. You burn the gnoll.
The gnoll is severely wounded.
You hit the gnoll.
The gnoll hits you from afar with a +0 spear!
The gnoll closely misses you. The gnoll hits you with a +0 flail.
You hit the gnoll but do no damage.
The gnoll is severely wounded.
You hit the gnoll but do no damage. You drain the gnoll.
The gnoll hits you from afar with a +0 spear.
The gnoll barely misses you. x2
You hit the gnoll. Lightning courses through the gnoll!
You kill the gnoll!
You barely miss the gnoll. The gnoll hits you with a +0 flail.
The gnoll hits you from afar with a +0 spear.
Your Axes skill increases to level 5!
You hit the gnoll but do no damage.
The gnoll is heavily wounded.
The gnoll closely misses you.
The gnoll hits you from afar with a +0 spear.
You hit the gnoll.
The gnoll is severely wounded.
The gnoll hits you with a +0 flail!
You die...

#. #.............
#. #.############
#.#####.#
###.......#
#.........#
+.........#
#....$....####
#............#
#....@g......#
#..
#....).......#
#..
#.....g......#
#..
....#..........#
#..
....>....._.....#
#..
.....#.#........#
#..
#(.....#......###
#..
#.##.....#....#
##.. ######....#
#...


You could see 2 gnolls.

Vanquished Creatures
  A gnoll (D:2)
  An adder (D:2)
  A worm (D:2)
  A dart slug (D:1)
  3 ball pythons (D:1)
  3 bats
  An endoplasm (D:1)
  A giant cockroach (D:1)
  4 goblins (D:1)
  4 hobgoblins (D:1)
  3 kobolds (D:1)
  A quokka (D:2)
  A frilled lizard (D:1)
  2 rats
27 creatures vanquished.

Notes
Turn   | Place    | Note
-------+----------+-------------------------------------------
     0 | D:1      | qw the Barachi Chaos Knight began the quest for the Orb.
     0 | D:1      | Reached XP level 1. HP: 18/18 MP: 1/1
     0 | D:1      | 0 ||| qw: Version: 0.1-a-107-g9ff403c
     0 | D:1      | 0 ||| qw: Game counter: 6098
     0 | D:1      | 0 ||| qw: Always use a shield: true
     0 | D:1      | 0 ||| qw: God list: Okawaru
     0 | D:1      | 0 ||| qw: Allow faded altars: false
     0 | D:1      | 0 ||| qw: Do Orc after D:15 true
     0 | D:1      | 0 ||| qw: Do second Lair branch before Depths: true
     0 | D:1      | 0 ||| qw: Lair rune preference: random
     0 | D:1      | 0 ||| qw: Plans: Normal
     0 | D:1      | 0 ||| PLANNING D:1-11
     0 | D:1      | Fell from the grace of Xom
    17 | D:1      | 17 ||| Stepping ~*~*~tactically~*~*~ (stealth).
    21 | D:1      | HP: 2/18 [hobgoblin (4)]
   487 | D:1      | 487 ||| Stepping ~*~*~tactically~*~*~ (stealth).
   488 | D:1      | 488 ||| Stepping ~*~*~tactically~*~*~ (stealth).
   495 | D:1      | Reached XP level 2. HP: 24/24 MP: 2/2
   496 | D:1      | 496 ||| Stepping ~*~*~tactically~*~*~ (stealth).
   499 | D:1      | 499 ||| Stepping ~*~*~tactically~*~*~ (stealth).
   501 | D:1      | 501 ||| Stepping ~*~*~tactically~*~*~ (stealth).
   511 | D:1      | Reached skill level 4 in Axes
   532 | D:1      | 532 ||| Stepping ~*~*~tactically~*~*~ (stealth).
   680 | D:1      | XOM: torment (13/24 hp)
  1308 | D:1      | Reached XP level 3. HP: 29/29 MP: 3/3
  1412 | D:1      | 1412 ||| Stepping ~*~*~tactically~*~*~ (hiding).
  1468 | D:1      | 1468 ||| DROPPING scarf of shadows.
  1469 | D:1      | 1469 ||| UPGRADING to +0 cloak.
  1474 | D:1      | 1474 ||| UPGRADING to +0 scale mail.
  1484 | D:1      | 1484 ||| DROPPING +2 leather armour.
  1485 | D:1      | 1485 ||| READING scroll labelled IRCHESICZAU.
  1486 | D:1      | 1486 ||| Stepping randomly (stuck).
  1487 | D:1      | 1487 ||| Stepping ~*~*~tactically~*~*~ (cloud).
  1489 | D:1      | HP: 7/29 [poisoned by you (poison gas)]
  1494 | D:1      | HP: 3/29 [poisoned by you (poison gas)]
  1964 | D:2      | Found a faded altar of an unknown god.
  1975 | D:2      | Reached skill level 5 in Axes
  1975 | D:2      | HP: 6/29 [gnoll/+0 spear (4)]
  1976 | D:2      | Slain by a gnoll

Levels and vault maps discovered:
D:1:      lightli_arrival_maybe_door_vault, layout_basic
D:2:      kennysheep_big_flooded_room, layout_basic,
          ebering_ecumenical_altar_sacrificial, kennysheep_cross_room,
          minmay_tromino_v4_c, uniq_sigmund, uniq_crazy_yiuf_cottage,
          uniq_jessica

Skill      XL: |  1  2  3 |
---------------+----------+-----
Axes           | 4 5 |  5.1
Fighting       | |  3.6
Armour         | |  2.4
Dodging        | |  1.1

Action                   || total
-------------------------++-------
Melee: Hand axe          ||    75
Invok: Renounce Religion ||     1
  Use: Scroll            ||     1
Armor: Leather armour    ||    19
       Scale mail        ||     8
Dodge: Dodged            ||    38

Table legend:
 A = Non-vault XP
 B = Vault XP
 C = Vault XP percentage of total XP
 D = Non-vault monster count
 E = Vault monster count
 F = Vault count percentage of total count
                 A         B        C        D         E       F
            +---------+---------+-------+---------+---------+-------
      Total |      61 |      14 |  18.7 |      25 |       2 |   7.4
            +---------+---------+-------+---------+---------+-------
        D:1 |      38 |       0 |   0.0 |      21 |       0 |   0.0
        D:2 |      23 |      14 |  37.8 |       4 |       2 |  33.3
            +---------+---------+-------+---------+---------+-------
